 Dungeon Crawl Stone Soup version 0.18-a0-1673-gaded821 (webtiles) character file.

306 Oddball22 the Insei (level 6, -4/49 HPs)
             Began as a Demonspawn Monk on Apr 1, 2016.
             Slain by Edmund
             ... wielding a cursed -2 dire flail
              (9 damage)
             ... on level 4 of the Dungeon.
             The game lasted 00:34:58 (3429 turns).

Oddball22 the Insei (Demonspawn Monk)               Turns: 3429, Time: 00:34:59

Health: -4/49      AC:  5    Str: 12    XL:     6   Next: 16%
Magic:  6/6        EV: 14    Int: 11    God:
Gold:   182        SH:  2    Dex: 17    Spells: 0 memorised, 5 levels left

rFire  . . .     SeeInvis .       - Unarmed
rCold  . . .     Gourm    .     a - +0 robe
rNeg   . . .     Faith    .     (no shield)
rPois  .         Spirit   .     f - +1 hat {MR+}
rElec  .         Dismiss  .     (no cloak)
rCorr  .         Reflect  .     (no gloves)
SustAt .         Harm     .     (no boots)
MR     +....                    (no amulet)
Stlth  ++........               (no ring)
                                (no ring)

@: somewhat resistant to hostile enchantments, unstealthy
A: antennae 2, large bone plates 1, rot immunity
a: no special abilities


You were on level 4 of the Dungeon.
You were hungry.

You visited 1 branch of the dungeon, and saw 4 of its levels.

You collected 182 gold pieces.

Inventory:

Missiles
 o - 2 javelins (quivered)
Armour
 a - a +0 robe (worn)
 f - a +1 hat of magic resistance (worn)
 r - a +0 buckler
Wands
 t - a wand of polymorph (19/24)
Scrolls
 e - 2 scrolls of remove curse {unknown}
 h - a scroll of fear {unknown}
 j - a scroll of magic mapping {unknown}
 k - 2 scrolls of enchant weapon {unknown}
 n - 3 scrolls of identify {unknown}
 q - a scroll of recharging {unknown}
 s - a scroll of teleportation {unknown}
Potions
 d - 3 potions of curing
 l - a potion of resistance {unknown}
 m - a potion of haste
Comestibles
 b - 5 bread rations
 c - 5 chunks of flesh
 g - 2 slices of pizza
 i - a meat ration
 p - 4 fruits


   Skills:
 + Level 4.4 Fighting
 + Level 3.9 Dodging
 - Level 1.7 Stealth
 * Level 5.3 Unarmed Combat


You had 5 spell levels left.
You didn't know any spells.

Dungeon Overview and Level Annotations

Branches:
Dungeon (4/15)
 Temple: D:4-7

Altars:
Ashenzari

Annotations:
D:4 Edmund


Innate Abilities, Weirdness & Mutations

You have a pair of antennae on your head.
You are partially covered in large bone plates (AC +2, SH +2).
You are immune to rotting.


Message History

Edmund hits you with an enchanted dire flail.
* * * LOW HITPOINT WARNING * * *
You hit Edmund.
Edmund is almost dead.
Edmund misses you.
You hit Edmund but do no damage.
Edmund is almost dead.
Edmund barely misses you.
Drink which item? (? for menu, Esc to quit)
You feel better. Edmund misses you.
You hit Edmund but do no damage.
Edmund is almost dead.
You hit Edmund but do no damage.
Edmund is almost dead.
Edmund hits you with an enchanted dire flail!
* * * LOW HITPOINT WARNING * * *
You hit Edmund but do no damage.
Edmund is almost dead.
Edmund hits you with an enchanted dire flail!
You die...

## ######### #..
........#####
#.#########.#<..####
#####......####.#......#
###..>.........@@.....##.#
...........).####.#....#
.............# #.#....#
.............# #.#.#..#
........###### #.#....+
#####.....[.# #.##.#.#
#.......# #.. ....
#.......... ... .. ..
##......###


You could see Edmund.

Vanquished Creatures
  An ogre (D:3)
  Natasha (thrice) (D:3)
  A worker ant (D:4)
  2 adders (D:3)
  An ooze (D:2)
  2 worms
  3 dart slugs
  5 giant geckos
  An orc (D:3)
  4 giant cockroaches
  15 goblins
  8 hobgoblins
  3 jackals (D:3)
  2 quokkas
  5 bats
  A giant gecko skeleton (D:3)
  10 giant newts
  13 kobolds
  9 rats
89 creatures vanquished.

Notes
Turn   | Place    | Note
--------------------------------------------------------------
     0 | D:1      | Oddball22 the Demonspawn Monk began the quest for the Orb.
     0 | D:1      | Reached XP level 1. HP: 18/18 MP: 1/1
   221 | D:1      | Gained mutation: You have a pair of small antennae on your head. [demonic ancestry]
   221 | D:1      | Reached XP level 2. HP: 22/24 MP: 2/2
   584 | D:1      | Reached skill level 4 in Unarmed Combat
   646 | D:1      | Gained mutation: You are immune to rotting. [demonic ancestry]
   646 | D:1      | Reached XP level 3. HP: 29/29 MP: 3/3
  1508 | D:2      | Found a shattered altar of Ashenzari.
  2201 | D:2      | Gained mutation: You are partially covered in large bone plates (AC +2, SH +2). [demonic ancestry]
  2201 | D:2      | Reached XP level 4. HP: 34/36 MP: 4/4
  2223 | D:3      | Noticed an ogre
  2694 | D:3      | Killed an ogre
  2694 | D:3      | Reached XP level 5. HP: 18/42 MP: 5/5
  2909 | D:3      | Noticed Natasha
  2924 | D:3      | Killed Natasha
  2924 | D:3      | Reached skill level 5 in Unarmed Combat
  3175 | D:3      | Noticed Natasha
  3199 | D:3      | Killed Natasha
  3260 | D:3      | Noticed Natasha
  3271 | D:3      | Killed Natasha
  3271 | D:3      | Gained mutation: You have a pair of antennae on your head. [demonic ancestry]
  3271 | D:3      | Reached XP level 6. HP: 42/49 MP: 6/6
  3379 | D:4      | Noticed Edmund
  3429 | D:4      | Slain by Edmund

Vault maps used:
D:1:      mrwooster_arrival_statue
D:2:      nicolae_ashenzari_panopticon
D:3:      uniq_natasha
D:4:      kennysheep_big_flooded_room, uniq_edmund

Skill      XL: |  1  2  3  4  5 |
---------------+----------------+-----
Dodging        | 3 |  3.9
Unarmed Combat | 4 5 |  5.3
Fighting       | 4 |  4.4
Stealth        | |  1.7

Action                   |  1- 3 |  4- 6 || total
-------------------------+-------+-------++-------
Melee: Unarmed           |   169 |   196 ||   365
  Use: Potion            |       |     7 ||     7
 Stab: Sleeping          |    13 |     1 ||    14
       Distracted        |     1 |       ||     1
  Eat: Chunk             |     4 |     4 ||     8
